 Dungeon Crawl Stone Soup version 0.28-a0-1213-g0243856f03 (webtiles) character file.

Game seed: 712670285677678336

85 Smythe the Firebug (level 4, 0/33 HPs)
             Began as a Draconian Fire Elementalist on Dec 21, 2021.
             Was a Follower of Zin.
             Slain by a gnoll (2 damage)
             ... on level 2 of the Dungeon.
             The game lasted 00:10:24 (1605 turns).

Smythe the Firebug (Draconian Fire Elementalist)    Turns: 1605, Time: 00:10:26

Health: 0/33       AC:  5    Str: 10    XL:     4   Next: 25%
Magic:  0/8        EV: 12    Int: 18    God:    Zin [*.....]
Gold:   17         SH:  0    Dex: 11    Spells: 5/8 levels left

rFire   . . .      SeeInvis .   a - +0 whip
rCold   . . .      Faith    .   (no shield)
rNeg    . . .      Spirit   .   (armour unavailable)
rPois   .          Reflect  .   (helmet restricted)
rElec   .          Harm     .   (no cloak)
rCorr   .          Rampage  .   (no gloves)
Will    .....                   (no boots)
Stlth   ++........              (no amulet)
HPRegen 0.11/turn               (no ring)
MPRegen 0.11/turn               (no ring)

@: no status effects
A: AC +5, unfitting armour, cold-blooded
a: Renounce Religion, Recite, Donate Gold


You were on level 2 of the Dungeon.
You worshipped Zin.
Zin was aware of your devotion.
You visited 1 branch of the dungeon, and saw 2 of its levels.

You collected 53 gold pieces.
You donated 36 gold pieces to Zin.

Inventory:

Hand Weapons
 a - a +0 whip (weapon)
Missiles
 c - a throwing net
Armour
 b - a +0 robe
Jewellery
 d - a ring of see invisible


   Skills:
 + Level 2.3 Dodging
 + Level 2.0 Stealth
 + Level 2.7 Spellcasting
 + Level 1.4 Conjurations
 + Level 4.0 Fire Magic


You had 5 spell levels left.
You knew the following spells:

 Your Spells              Type           Power      Damage    Failure   Level
a - Foxfire               Conj/Fire      48%        2x1d6     5%          1
b - Scorch                Fire           32%        2d6       4%          2

Your spell library contained the following spells:

 Spells                   Type           Power      Damage    Failure   Level
 Conjure Flame            Conj/Fire      12%        6-21      16%         3
 Freeze                   Ice            8%         1d3       17%         1
 Inner Flame              Hex/Fire       9%         N/A       22%         3
 Frozen Ramparts          Ice            4%         1d2       45%         3
 Flame Wave               Conj/Fire      12%        2d5       47%         4
 Hailstorm                Conj/Ice       5%         3d4       77%         4


Dungeon Overview and Level Annotations

Branches:
Dungeon (2/15)

Altars:
Zin

Annotations:
D:2 Sigmund


Innate Abilities, Weirdness & Mutations

Your plain brown scales are hard. (AC +5)
You cannot fit into any form of body armour.
You are cold-blooded and may be slowed by cold attacks.


Message History

The gnoll is moderately wounded.
Sigmund is suddenly surrounded by pale green light.
Your foxfire dissipates!
Sigmund is suddenly surrounded by pale green light.
Casting: Foxfire (safe; 5% risk of failure)
Confirm with . or Enter, or press ? or * to list all spells.
You conjure some foxfire!
The gnoll hits you with a +0 whip.
Sigmund hits you from afar with a +2 scythe of protection.
The foxfire hits the gnoll.
The gnoll is heavily wounded.
The foxfire hits the gnoll but does no damage.
The gnoll is heavily wounded.
The gnoll hits you with a +0 whip.
Found a stone staircase leading up.
Sigmund casts a spell at you. The puff of flame hits you.
Sigmund mumbles some strange words.
Sigmund flickers and vanishes!
Deactivating autopickup; reactivate with Ctrl-A.
Casting: Foxfire (safe; 5% risk of failure)
Confirm with . or Enter, or press ? or * to list all spells.
You conjure some foxfire!
The gnoll hits you with a +0 whip.
The foxfire hits the gnoll.
The gnoll is heavily wounded.
The foxfire hits the gnoll.
The gnoll is severely wounded.
The gnoll hits you with a +0 whip. Something hits you but does no damage.
Casting: Foxfire (safe; 5% risk of failure)
Confirm with . or Enter, or press ? or * to list all spells.
You conjure some foxfire!
The gnoll barely misses you. Something hits you!
* * * LOW HITPOINT WARNING * * *
Your foxfire dissipates!
The foxfire hits the gnoll but does no damage.
The gnoll is heavily wounded.
The gnoll hits you with a +0 whip.
* * * LOW HITPOINT WARNING * * *
The gnoll hits you with a +0 whip.
You die...

###.##.####..##...##...#
#..)...)................
.......####...#...##.....
#.#.#### #...##.###....##
....# #...........###
#.### ##..#...##.# ..#
#.....<... ### ##.#...#.#
#.##@## #.##g# #####.##.#
#........# #.#.###### #.
#


You could see a gnoll.

Vanquished Creatures
  A hound (D:2)
  3 gnolls (D:2)
  2 bats
  5 endoplasms (D:1)
  A giant cockroach (D:1)
  2 goblins (D:1)
  A hobgoblin (D:1)
  A quokka (D:1)
  3 ball pythons (D:1)
  2 frilled lizards (D:1)
  5 kobolds (D:1)
  A rat (D:2)
27 creatures vanquished.

Vanquished Creatures (others)
  75 foxfires
75 creatures vanquished.

Grand Total: 102 creatures vanquished

Notes
Turn   | Place    | Note
-------+----------+-------------------------------------------
     0 | D:1      | Smythe the Draconian Fire Elementalist began the quest for
                  | the Orb.
     0 | D:1      | Reached XP level 1. HP: 14/14 MP: 3/3
    41 | D:1      | Found a faded altar of an unknown god.
    50 | D:1      | Prayed at the altar of an unknown god.
    50 | D:1      | Became a worshipper of Zin the Law-Giver
    50 | D:1      | Reached * piety under Zin
   179 | D:1      | Reached XP level 2. HP: 20/20 MP: 0/5
  1221 | D:1      | Donated 21 gold pieces to Zin
  1222 | D:1      | Donated 10 gold pieces to Zin
  1348 | D:2      | Reached XP level 3. HP: 25/26 MP: 1/6
  1473 | D:2      | Reached XP level 4. HP: 25/33 MP: 1/8
  1542 | D:2      | Learned a level 2 spell: Scorch
  1564 | D:2      | Noticed Sigmund
  1567 | D:2      | Reached skill level 4 in Fire Magic
  1605 | D:2      | Slain by a gnoll

Illustrated notes

Levels and vault maps discovered:
D:1:      ncdulo_smallfort, layout_rooms, hellmonk_ecumenical_altar_zigzags,
          serial_aquarium, aquarium_bridge_square [aquarium_subvault_bridge,
          aquarium_subvault_wall, aquarium_subvault_bridge,
          aquarium_subvault_window], aquarium_bridge_square
          [aquarium_subvault_window, aquarium_subvault_bridge,
          aquarium_subvault_wall, aquarium_subvault_bridge], aquarium_window_1,
          aquarium_window_corner, aquarium_window_1, aquarium_window_2,
          aquarium_view_2c
D:2:      layout_loops_ring, minivault_27, corexii_hall_statues_i, uniq_sigmund

Skill      XL: |  1  2  3  4 |
---------------+-------------+-----
Dodging        | 2 |  2.3
Stealth        | 2 |  2.0
Fire Magic     | 4 |  4.0
Spellcasting   | |  2.7
Conjurations   | |  1.4

Action                   |  1- 3 |  4- 6 || total
-------------------------+-------+-------++-------
Melee: Whip              |     7 |       ||     7
 Cast: Foxfire           |    40 |     4 ||    44
       Scorch            |       |     4 ||     4
Invok: Donate Gold       |     2 |       ||     2
  Use: Scroll            |     1 |       ||     1
Armor: Skin              |     7 |     2 ||     9
Dodge: Dodged            |    19 |     3 ||    22

Table legend: (Time is in decaauts)
 A = Elapsed time spent in this place.
 B = Non-inter-level travel time spent in this place.
 C = Inter-level travel time spent in this place.
 D = Time resting spent in this place.
 E = Time spent auto-exploring this place.
 F = Levels seen in this place.
 G = Mean time per level.
                   A        B        C        D        E       F      G
               +--------+--------+--------+--------+--------+-----+--------+
         Total |   1606 |   1413 |    193 |    480 |    545 |   2 |  803.0 |
       Dungeon |   1606 |   1413 |    193 |    480 |    545 |   2 |  803.0 |
               +--------+--------+--------+--------+--------+-----+--------+

Top non-repeatable levels by time:
     D:1: 1272 daAuts
     D:2: 334 daAuts
